 Dungeon Crawl Stone Soup version 0.29-a0-330-g52719c12eb (webtiles) character file.

Game seed: 14862041871929705230

6020 HoaS the Grappler (level 10, -8/100 HPs)
             Began as a Troll Gladiator on May 19, 2022.
             Was an Elder of Makhleb.
             Mangled by a komodo dragon (23 damage)
             ... on level 9 of the Dungeon.
             The game lasted 00:22:29 (8324 turns).

HoaS the Grappler (Troll Gladiator)                 Turns: 8324, Time: 00:22:30

Health: -8/100     AC:  9    Str: 24    XL:     10   Next: 56%
Magic:  1/9        EV: 12    Int:  4    God:    Makhleb [****..]
Gold:   539        SH:  0    Dex: 15    Spells: 9/9 levels left

rFire   . . .      SeeInvis .     - Unarmed
rCold   . . .      Faith    .   (no shield)
rNeg    . . .      Spirit   .   w - +0 steam dragon scales
rPois   .          Reflect  .   (helmet restricted)
rElec   .          Harm     .   m - +1 cloak
rCorr   .          Rampage  .   (gloves unavailable)
Will    .....                   (boots unavailable)
Stlth   +.........              (no amulet)
HPRegen 1.06/turn               e - ring of flight
MPRegen 0.11/turn               (no ring)

@: about to teleport, flying, studying 2 skills
A: large, unfitting armour, claws 3, regeneration 1, shaggy fur 1, tough skin 1
a: Renounce Religion, Minor Destruction, Lesser Servant of Makhleb, Major
Destruction


You were on level 9 of the Dungeon.
You worshipped Makhleb.
Makhleb was greatly pleased with you.
You visited 2 branches of the dungeon, and saw 10 of its levels.
You also visited: Bailey.

You collected 539 gold pieces.

Inventory:

Missiles
 c - 3 throwing nets (quivered)
 d - 4 large rocks
 g - 29 boomerangs
 s - 20 poisoned darts
 t - a curare-tipped dart
Armour
 m - a +1 cloak (worn)
 w - +0 steam dragon scales (worn)
Jewellery
 e - a ring of flight (left claw)
Wands
 o - a wand of iceblast (6)
 v - a wand of charming (8)
Scrolls
 a - a scroll of identify
 h - 4 scrolls of teleportation
 k - 3 scrolls of fear
Potions
 f - a potion of resistance
 i - 2 potions of invisibility
 j - 3 potions of attraction
 l - a potion of heal wounds
 n - a potion of berserk rage
 p - 3 potions of lignification
 q - 2 potions of might
 r - a potion of ambrosia
 u - a potion of mutation {unknown}
Miscellaneous
 b - a phantom mirror


   Skills:
 * Level 6.7 Fighting
 + Level 5.2 Throwing
 * Level 5.7 Dodging
 * Level 11.7 Unarmed Combat


You had 9 spell levels left.
You didn't know any spells.
Your spell library contained the following spells:

 Spells                   Type           Power      Damage    Failure   Level
 Animate Skeleton         Necr           0%         N/A       50%         1
 Apportation              Tloc           0%         N/A       50%         1
 Summon Small Mammal      Summ           0%         N/A       50%         1
 Blink                    Tloc           0%         N/A       65%         2
 Sublimation of Blood     Necr           0%         N/A       65%         2
 Ignite Poison            Fire/Tmut/Pois 0%         N/A       86%         3
 Mephitic Cloud           Conj/Pois/Air  0%         N/A       86%         3
 Fulminant Prism          Conj/Hex       0%         3d6       99%         4
 Iskenderun's Mystic Bla  Conj/Tloc      0%         2d3       99%         4
 Petrify                  Tmut/Erth      0%         N/A       99%         4
 Freezing Cloud           Conj/Ice/Air   0%         6-21      100%        5
 Irradiate                Conj/Tmut      0%         3d13      100%        5
 Lee's Rapid Deconstruct  Erth           0%         3d5*      100%        5
 Manifold Assault         Tloc           0%         N/A       100%        5
 Storm Form               Tmut/Air       0%         N/A       100%        7


Dungeon Overview and Level Annotations

Branches:
Dungeon (9/15)             Temple (1/1) D:5          Bailey (visited)
   Lair: D:8-11         Orc: D:9-12

Altars:
Ashenzari
Cheibriados
Dithmenos
Elyvilon
Fedhas
Gozag
Hepliaklqana
Kikubaaqudgha
Makhleb
Nemelex Xobeh
Okawaru
Qazlal
Ru
Sif Muna
Trog
Uskayaw
Vehumet
Wu Jian
Xom
Yredelemnul
Zin
The Shining One


Innate Abilities, Weirdness & Mutations

You are too large for most types of armour.
You have claws for hands.
Your natural rate of healing is unusually fast.
You are covered in fur. (AC +1)
You have tough skin. (AC +1)


Message History

The orc priest hits you but does no damage.
The orc warrior hits you with the +7 mace of Frustration {antimagic, +Blink rPois rCorr Dex-3}!
You feel your power leaking away.
Things that are here:
a +0 dagger; an orc corpse You scratch the orc priest.
The orc priest is moderately wounded.
The orc priest closely misses you. The orc warrior barely misses you.
You mangle the orc priest!!
You kill the orc priest!
Makhleb accepts your kill.
You feel better. The orc warrior closely misses you.
You mangle the orc warrior!!
The orc warrior is almost dead.
You hear an angry hiss.
The orc warrior hits you with the +7 mace of Frustration {antimagic, +Blink rPois rCorr Dex-3}!
You feel your power leaking away.
A komodo dragon comes into view.
You barely miss the orc warrior.
The orc warrior is almost dead.
The orc warrior hits you with the +7 mace of Frustration {antimagic, +Blink rPois rCorr Dex-3}!
You closely miss the orc warrior.
The orc warrior is severely wounded.
You claw the orc warrior!
You kill the orc warrior!
Makhleb accepts your kill.
You feel better. The komodo dragon bites you!! The komodo dragon bites you!!
* * * LOW HITPOINT WARNING * * *
Items here: $ )) ? [[.
You feel much better. The komodo dragon bites you!
* * * LOW HITPOINT WARNING * * *
You feel much better. The komodo dragon bites you!!
* * * LOW HITPOINT WARNING * * *
The komodo dragon attacks as you move away!
The komodo dragon bites you.
* * * LOW HITPOINT WARNING * * *
As you read the scroll of teleportation, it crumbles to dust.
You feel strangely unstable. The komodo dragon bites you!!
You die...

#.#.# #############.#.#
#.............#.#
#.#############.# #.#
#########.#
#.#####>........#######
##.#.<.#.###.###........
#.(....#.###.###)######?
#......#.##...@l)#
#......#.##......#
##)#.#........)..#
#.#.###..#.....## ### #.#.#
#..#.....# #.# #####
#.#.#.#........######.####...#
#............).)..............
###....#..###.########....!...
####..#....#.# #..#....#


You could see a komodo dragon.

Vanquished Creatures
  The ghost of initializr the Conjurer, an amateur OgCj (D:5)
  A hornet (D:9)
  Prince Ribbit (D:7)
  Eustachio (D:6)
  2 wraiths
  A steam dragon (D:9)
  The ghost of QuickerDeath the Changer, an amateur MfTm (D:3)
  2 water moccasins
  7 orc warriors
  5 sky beasts
  An ice beast (D:7)
  2 black bears
  3 ogres (D:6)
  A centaur (D:6)
  A phantom (D:6)
  6 bullfrogs
  3 kobold brigands
  3 scorpions
  A gnoll sergeant (D:8)
  2 necrophages
  8 wights (D:8)
  3 killer bees (D:9)
  3 jellies (D:7)
  2 hounds (D:7)
  A gnoll shaman (D:5)
  9 orc priests
  Jessica (D:2)
  5 iguanas
  Ijyb (D:4)
  11 orc wizards
  Terence (D:3)
  8 gnolls
  9 adders
  A shadow imp (D:7)
  A white imp (D:6)
  2 ufetubi (D:5)
  A worm (D:4)
  5 dart slugs
  32 orcs
  8 endoplasms
  2 giant cockroaches
  13 goblins
  10 hobgoblins
  2 quokkas
  3 ball pythons
  2 bats (D:3)
  7 frilled lizards
  22 kobolds
  4 rats
222 creatures vanquished.

Notes
Turn   | Place    | Note
-------+----------+-------------------------------------------
     0 | D:1      | HoaS the Troll Gladiator began the quest for the Orb.
     0 | D:1      | Reached XP level 1. HP: 19/19 MP: 0/0
   242 | D:1      | Reached XP level 2. HP: 22/27 MP: 1/1
   336 | D:1      | Found a faded altar of an unknown god.
   577 | D:2      | Reached skill level 4 in Unarmed Combat
   686 | D:2      | Reached XP level 3. HP: 27/33 MP: 2/2
   889 | D:2      | Noticed Jessica
   893 | D:2      | Killed Jessica
  1197 | D:3      | Noticed a black bear
  1198 | D:3      | Found a runed translucent gate.
  1198 | D:3      | Noticed QuickerDeath's ghost (amateur MfTm)
  1201 | D:3      | Found a runed translucent gate.
  1258 | D:3      | Found a runed translucent gate.
  1270 | D:3      | Reached XP level 4. HP: 39/41 MP: 3/3
  1331 | D:3      | Reached skill level 5 in Unarmed Combat
  1488 | D:3      | Noticed Terence
  1516 | D:3      | HP: 2/41 [Terence/+0 flail (5)]
  1518 | D:3      | Killed Terence
  1740 | D:3      | Found a hazy altar of Hepliaklqana.
  2261 | D:4      | Reached XP level 5. HP: 44/48 MP: 4/4
  2339 | D:4      | Reached skill level 6 in Unarmed Combat
  2629 | D:4      | Noticed Ijyb
  2634 | D:4      | Killed Ijyb
  2933 | D:5      | Entered Level 5 of the Dungeon
  2933 | D:5      | Noticed a black bear
  2960 | D:4      | Reached XP level 6. HP: 47/55 MP: 5/5
  2969 | D:4      | Reached skill level 7 in Unarmed Combat
  3261 | D:5      | Found a staircase to the Ecumenical Temple.
  3271 | Temple   | Entered the Ecumenical Temple
  3446 | Temple   | Became a worshipper of Makhleb the Destroyer
  3597 | D:5      | Noticed initializr's ghost (amateur OgCj)
  3600 | D:5      | Found a runed translucent door.
  3675 | D:5      | Reached skill level 8 in Unarmed Combat
  3875 | D:5      | Reached XP level 7. HP: 61/62 MP: 6/6
  4008 | D:5      | Killed initializr's ghost
  4009 | D:5      | Reached skill level 9 in Unarmed Combat
  4245 | D:3      | Killed QuickerDeath's ghost
  4246 | D:3      | Reached XP level 8. HP: 63/74 MP: 7/7
  4478 | D:6      | Reached * piety under Makhleb
  4786 | D:6      | Reached skill level 10 in Unarmed Combat
  5078 | D:6      | Noticed Eustachio
  5093 | D:6      | Killed Eustachio
  5094 | D:6      | Reached XP level 9. HP: 85/85 MP: 8/8
  5336 | D:7      | Reached ** piety under Makhleb
  5393 | D:7      | Reached skill level 5 in Fighting
  5537 | D:7      | Found a flagged portal.
  5602 | Bailey   | Entered a bailey
  5865 | Bailey   | Reached *** piety under Makhleb
  5908 | Bailey   | Reached skill level 11 in Unarmed Combat
  6355 | D:7      | Noticed Prince Ribbit
  6373 | D:7      | Killed Prince Ribbit
  6533 | D:7      | Reached XP level 10. HP: 97/98 MP: 9/9
  6726 | D:8      | Reached skill level 5 in Dodging
  7171 | D:8      | HP: 3/92 [wight/+3 great sword (3)]
  7392 | D:8      | Reached **** piety under Makhleb
  7812 | D:9      | Reached skill level 5 in Throwing
  8303 | D:9      | Identified the +7 mace of Frustration {antimagic, +Blink
                  | rPois rCorr Dex-3}
  8320 | D:9      | HP: 3/100 [komodo dragon (29)]
  8324 | D:9      | Mangled by a komodo dragon

Illustrated notes

Levels and vault maps discovered:
D:1:      lemuel_arrival_lava_pool, layout_basic, basic_ecumenical_altar
D:2:      layout_loops_ring, uniq_jessica
D:3:      layout_basic, nicolae_hepliaklqana_hippocampus, gammafunk_ghost_split,
          uniq_terence
D:4:      layout_loops_cross, corexii_hall_statues_i, nicolae_zen_rock_garden,
          kennysheep_generic_room_9, uniq_ijyb
D:5:      layout_loops_ring, minmay_temple_entry_statues_fountains,
          hellmonk_ghost_happy_afterlife, grunt_ministairs_5
D:6:      layout_basic, sigmund_army, uniq_eustachio
D:7:      layout_basic, enter_bailey_5, minmay_manual_mandibuliform,
          uniq_prince_ribbit1
D:8:      layout_layer_cave, minivault_21
D:9:      layout_basic, erik_lair_dragon
Temple:   minmay_crystal_snake_temple

Skill      XL: |  1  2  3  4  5  6  7  8  9 10 |
---------------+-------------------------------+-----
Unarmed Combat | 4 5 6 8 9 10 11 | 11.7
Fighting       | 2 4 5 6 |  6.7
Throwing       | 2 3 4 5 |  5.2
Dodging        | 3 4 5 |  5.7

Action                   |  1- 3 |  4- 6 |  7- 9 | 10-12 || total
-------------------------+-------+-------+-------+-------++-------
Melee: Unarmed           |    54 |   155 |   274 |   155 ||   638
       Punch             |     3 |     8 |    10 |    14 ||    35
  Use: Scroll            |     6 |     4 |     2 |     9 ||    21
       Potion            |       |     1 |     3 |     4 ||     8
 Stab: Sleeping          |       |     1 |     1 |       ||     2
       Distracted        |       |     1 |       |       ||     1
Armor: Robe              |     9 |    41 |    62 |    26 ||   138
       Steam dragon scal |       |       |       |    13 ||    13
Dodge: Dodged            |    26 |    67 |   134 |    80 ||   307

Table legend: (Time is in decaauts)
 A = Elapsed time spent in this place.
 B = Non-inter-level travel time spent in this place.
 C = Inter-level travel time spent in this place.
 D = Time resting spent in this place.
 E = Time spent auto-exploring this place.
 F = Levels seen in this place.
 G = Mean time per level.
                   A        B        C        D        E       F      G
               +--------+--------+--------+--------+--------+-----+--------+
         Total |   8250 |   7775 |    475 |    815 |   5369 |  11 |  750.0 |
       Dungeon |   7584 |   7147 |    437 |    729 |   5099 |   9 |  842.7 |
        Temple |    208 |    170 |     38 |      0 |    149 |   1 |  208.0 |
        Bailey |    457 |    457 |      0 |     86 |    121 |   1 |  457.0 |
               +--------+--------+--------+--------+--------+-----+--------+

Top non-repeatable levels by time:
     D:8: 1039 daAuts
     D:5: 1021 daAuts
     D:3: 985 daAuts
     D:4: 929 daAuts
     D:6: 926 daAuts
     D:7: 847 daAuts
     D:9: 637 daAuts
     D:1: 606 daAuts
     D:2: 590 daAuts
  Bailey: 457 daAuts
  Temple: 208 daAuts
